[Event "FIDE World Senior-50 CC 2023"]
[Site "Terrasini"]
[Date "2023.11.03"]
[Round "9.16"]
[White "Mantovani, Renzo"]
[Black "Duong, Thanh Nha"]
[Result "1/2-1/2"]
[ECO "A27"]
[WhiteElo "2236"]
[BlackElo "2081"]
[Annotator "RC"]
[PlyCount "125"]
[EventDate "2023.10.22"]
[EventType "swiss"]
[EventCountry "ITA"]
[SourceTitle "playchess.com"]
[Source "ChessBase"]
[SourceQuality "1"]
[TimeControl "40/5400+30:1800+30"]

1. c4 e5 2. Nc3 Nc6 3. Nf3 f5 4. d4 e4 5. Ne5 Bd6 6. Bf4 Nf6 7. e3 Qe7 8. Nxc6 dxc6 9. Bg3 O-O 10. c5 Bxg3 11. hxg3 Be6 12. Be2 Nd5 13. Rc1 Qf7 14. a3 Kh8 15. Nxd5 Bxd5 16. Qc2 h6 17. Bc4 Rfd8 18. Qb3 Rab8 19. Bxd5 Rxd5 20. Rc4 Qd7 21. Ra4 Rd8 22. O-O b6 23. Rxa7 bxc5 24. dxc5 Rxc5 25. Qa4 Kh7 26. Ra8 Rxa8 27. Qxa8 Rb5 28. b4 c5 29. bxc5 Rxc5 30. g4 Rd5 31. gxf5 Qxf5 32. Qc6 Rc5 33. Qa4 h5 34. Qd4 Rc6 35. f3 exf3 36. Rxf3 Qb1+ 37. Kh2 Rc1 38. Qf4 Rh1+ 39. Kg3 Qg6+ 40. Kf2 Qc2+ 41. Kg3 h4+ 42. Kg4 Qxg2+ 43. Kf5 Qg6+ 44. Ke5 Qe8+ 45. Kf5 Qf7+ 46. Ke4 Qe6+ 47. Qe5 Qc4+ 48. Kf5 Qd3+ 49. Kf4 Qc4+ 50. e4 Qc1+ 51. Kf5 Rg1 52. Rf4 g6+ 53. Ke6 Qc6+ 54. Ke7 Qd6+ 55. Qxd6 cxd6 56. Rxh4+ Kg7 57. Kxd6 Rd1+ 58. Kc5 g5 59. Rg4 Kg6 60. a4 Ra1 61. Kb5 Kh5 62. Rg2 Re1 63. a5 1/2-1/2

[Event "FIDE World Senior-50 CC 2023"]
[Site "Terrasini"]
[Date "2023.11.03"]
[Round "9.17"]
[White "Milat, Marcel"]
[Black "Nikolaidis, Konstantinos"]
[Result "0-1"]
[ECO "E17"]
[WhiteElo "2207"]
[BlackElo "2096"]
[Annotator "RC"]
[PlyCount "82"]
[EventDate "2023.10.22"]
[EventType "swiss"]
[EventCountry "ITA"]
[SourceTitle "playchess.com"]
[Source "ChessBase"]
[SourceQuality "1"]
[TimeControl "40/5400+30:1800+30"]

1. Nf3 Nf6 2. c4 e6 3. g3 d5 4. Bg2 Be7 5. O-O O-O 6. b3 b6 7. Bb2 Bb7 8. d4 Nbd7 9. cxd5 Nxd5 10. Nbd2 c5 11. Nc4 Rc8 12. e4 N5f6 13. e5 Nd5 14. h4 b5 15. Nd6 Bxd6 16. exd6 c4 17. bxc4 bxc4 18. Qa4 a6 19. Rab1 N7b6 20. Qa5 c3 21. Ba3 c2 22. Rb3 Nc4 23. Qxd8 Rfxd8 24. Bc5 Bc6 25. Rc1 Ba4 26. Bf1 Bxb3 27. axb3 Nxd6 28. Bxa6 Rb8 29. Rxc2 Rxb3 30. Ne5 Nb4 31. Bxb4 Rxb4 32. Nc6 Rb1+ 33. Kg2 Ra8 34. Be2 Kf8 35. Bf3 Rc8 36. Ra2 Rc1 37. Ne5 R1c2 38. Ra6 Nc4 39. Be4 Rd2 40. Bb7 Rc7 41. Ra8+ Ke7 0-1

[Event "FIDE World Senior-50 CC 2023"]
[Site "Terrasini"]
[Date "2023.11.03"]
[Round "9.18"]
[White "Koganov, Mikhail"]
[Black "Papadimitriou, Loukas"]
[Result "1-0"]
[ECO "C41"]
[WhiteElo "2170"]
[BlackElo "1987"]
[Annotator "RC"]
[PlyCount "123"]
[EventDate "2023.10.22"]
[EventType "swiss"]
[EventCountry "ITA"]
[SourceTitle "playchess.com"]
[Source "ChessBase"]
[SourceQuality "1"]
[TimeControl "40/5400+30:1800+30"]

1. e4 d6 2. d4 Nf6 3. Nc3 e5 4. Nf3 Nbd7 5. Bc4 Be7 6. a4 O-O 7. O-O c6 8. h3 Qc7 9. Re1 b6 10. b3 Bb7 11. Ba3 Rae8 12. Bf1 a6 13. Qd2 h6 14. Rad1 c5 15. dxe5 Nxe5 16. Nxe5 dxe5 17. Bc4 Rd8 18. Qe2 Qc8 19. Bb2 Rfe8 20. f4 Rxd1 21. Qxd1 exf4 22. e5 Rd8 23. Qe2 Nd5 24. Nxd5 Bxd5 25. Bxa6 Qa8 26. Bc4 Bxc4 27. Qxc4 Bh4 28. Rf1 Rd2 29. Rf3 Rd1+ 30. Rf1 Rd2 31. Rf3 Rd1+ 32. Rf1 Rxf1+ 33. Kxf1 Bg3 34. e6 fxe6 35. Qxe6+ Kh7 36. Qf7 Qg8 37. Qxg8+ Kxg8 38. Be5 Kf7 39. Bc7 Ke6 40. Bxb6 Kd5 41. Bc7 g5 42. Ba5 h5 43. Ke2 g4 44. hxg4 hxg4 45. Be1 f3+ 46. gxf3 gxf3+ 47. Kf1 Be5 48. Kf2 Ke4 49. a5 Bd4+ 50. Kf1 Kd5 51. Bf2 Be5 52. Be3 Bc7 53. a6 Bb8 54. Kf2 Kc6 55. Kxf3 Kb5 56. Ke4 c4 57. Kd5 cxb3 58. cxb3 Kxa6 59. Kc6 Ka5 60. Bc5 Bg3 61. b4+ Ka6 62. Bb6 1-0

[Event "FIDE World Senior-50 CC 2023"]
[Site "Terrasini"]
[Date "2023.11.03"]
[Round "9.19"]
[White "Seul, Georg"]
[Black "Golovchuk, Oleg"]
[Result "0-1"]
[ECO "C48"]
[WhiteElo "2383"]
[BlackElo "2067"]
[Annotator "RC"]
[PlyCount "82"]
[EventDate "2023.10.22"]
[EventType "swiss"]
[EventCountry "ITA"]
[SourceTitle "playchess.com"]
[Source "ChessBase"]
[SourceQuality "1"]
[TimeControl "40/5400+30:1800+30"]

1. e4 e5 2. Nc3 Nf6 3. Nf3 Nc6 4. Bb5 Nd4 5. O-O Nxb5 6. Nxb5 c6 7. Nc3 d6 8. d4 Qc7 9. Bg5 Be7 10. a4 Bg4 11. Bxf6 Bxf6 12. d5 a5 13. Qd3 O-O 14. Nd2 Rfd8 15. Nc4 Be7 16. Ra3 Rac8 17. Qg3 Bd7 18. Ne3 Bf8 19. Rb3 Be8 20. h4 Kh8 21. h5 Rb8 22. Kh1 b5 23. dxc6 bxa4 24. Ncd5 Qxc6 25. Rc3 Qb5 26. h6 Bc6 27. hxg7+ Bxg7 28. Rd1 Bxd5 29. Rxd5 Qxb2 30. Rc7 Qa1+ 31. Rd1 Rb1 32. Rxb1 Qxb1+ 33. Kh2 Rg8 34. Rxf7 Qc1 35. Nf5 Bh6 36. Qh4 Qf4+ 37. Qxf4 Bxf4+ 38. g3 Bd2 39. Rb7 a3 40. Rb3 Bc1 41. Rb5 Ra8 0-1

[Event "FIDE World Senior-50 CC 2023"]
[Site "Terrasini"]
[Date "2023.11.04"]
[Round "10.1"]
[White "Stefansson, Hannes"]
[Black "Atalik, Suat"]
[Result "0-1"]
[ECO "C67"]
[WhiteElo "2529"]
[BlackElo "2427"]
[Annotator "RC"]
[PlyCount "74"]
[EventDate "2023.10.22"]
[EventType "swiss"]
[EventCountry "ITA"]
[SourceTitle "playchess.com"]
[Source "ChessBase"]
[SourceQuality "1"]
[TimeControl "40/5400+30:1800+30"]

1. e4 e5 2. Nf3 Nc6 3. Bb5 Nf6 4. O-O Nxe4 5. Re1 Nd6 6. Nxe5 Be7 7. Bf1 Nxe5 8. Rxe5 O-O 9. d4 Bf6 10. Re1 Nf5 11. d5 Re8 12. Nd2 Rxe1 13. Qxe1 Nd6 14. Nf3 b6 15. Bf4 Bxb2 16. Bxd6 cxd6 17. Rd1 Bb7 18. Qb4 Be5 19. Qa4 Qc7 20. Bd3 g6 21. c4 Re8 22. Rb1 Bc8 23. h4 h6 24. h5 g5 25. g3 Bg7 26. Kg2 Kf8 27. Nh2 Bb7 28. Ng4 a6 29. Qb3 b5 30. cxb5 Qc5 31. Bc4 axb5 32. Qxb5 Qd4 33. Ne3 Rxe3 34. fxe3 Qe4+ 35. Kh2 Be5 36. Kh3 g4+ 37. Kh2 Ba6 0-1

[Event "FIDE World Senior-50 CC 2023"]
[Site "Terrasini"]
[Date "2023.11.04"]
[Round "10.2"]
[White "Dlugy, Maxim"]
[Black "Novik, Maxim"]
[Result "1/2-1/2"]
[ECO "D99"]
[WhiteElo "2520"]
[BlackElo "2375"]
[Annotator "RC"]
[PlyCount "34"]
[EventDate "2023.10.22"]
[EventType "swiss"]
[EventCountry "ITA"]
[SourceTitle "playchess.com"]
[Source "ChessBase"]
[SourceQuality "1"]
[TimeControl "40/5400+30:1800+30"]

1. d4 Nf6 2. c4 g6 3. Nc3 d5 4. Nf3 Bg7 5. Qb3 dxc4 6. Qxc4 O-O 7. e4 Nfd7 8. Be3 Nc6 9. Rd1 Nb6 10. Qb3 Bg4 11. d5 Ne5 12. Be2 Nxf3+ 13. gxf3 Bh5 14. Rg1 Qc8 15. Rg3 c6 16. dxc6 bxc6 17. Bd4 Qc7 1/2-1/2

[Event "FIDE World Senior-50 CC 2023"]
[Site "Terrasini"]
[Date "2023.11.04"]
[Round "10.3"]
[White "Godena, Michele"]
[Black "Morovic Fernandez, Ivan"]
[Result "1-0"]
[ECO "B10"]
[WhiteElo "2441"]
[BlackElo "2488"]
[Annotator "ChessBase"]
[PlyCount "93"]
[EventDate "2023.10.22"]
[EventType "swiss"]
[EventCountry "ITA"]
[SourceTitle "playchess.com"]
[Source "ChessBase"]
[SourceQuality "1"]
[TimeControl "40/5400+30:1800+30"]

1. e4 c6 2. d3 d5 3. Nf3 Qc7 4. Nbd2 Bg4 5. Be2 e6 6. h3 Bh5 7. O-O Nf6 8. e5 Nfd7 9. d4 Be7 10. Nb3 O-O 11. Bf4 c5 12. dxc5 Nc6 13. Nfd4 Bxe2 14. Qxe2 Nxd4 15. Nxd4 Bxc5 16. Rad1 Rfc8 17. c3 Be7 18. Qg4 Qb6 19. Rfe1 Rc4 20. Bc1 Nb8 21. Rd3 g6 22. b3 Rc8 23. Rf3 Nd7 24. Bh6 Re8 25. h4 Bd8 26. h5 Bc7 27. Bf4 Qc5 28. hxg6 hxg6 29. Rh3 Kg7 30. Bh6+ Kg8 31. Bg5 Qf8 32. Bf6 Nxf6 33. exf6 Bd8 34. Qh4 Qg7 35. fxg7 Bxh4 36. Rxh4 Kxg7 37. f4 Rac8 38. Rh3 Rc5 39. Kf2 Kf6 40. g4 g5 41. Rh6+ Kg7 42. fxg5 Rxc3 43. Reh1 Rg8 44. g6 fxg6 45. g5 Re8 46. Rh7+ Kf8 47. Rh8+ 1-0

[Event "FIDE World Senior-50 CC 2023"]
[Site "Terrasini"]
[Date "2023.11.04"]
[Round "10.4"]
[White "Adams, Michael"]
[Black "Minasian, Artashes"]
[Result "1-0"]
[ECO "B12"]
[WhiteElo "2670"]
[BlackElo "2462"]
[Annotator "TA"]
[PlyCount "67"]
[EventDate "2023.10.22"]
[EventType "swiss"]
[EventCountry "ITA"]
[SourceTitle "playchess.com"]
[Source "ChessBase"]
[SourceQuality "1"]
[TimeControl "40/5400+30:1800+30"]

1. e4 c6 2. d4 d5 3. e5 Bf5 4. h4 h5 5. Bd3 Bxd3 6. Qxd3 e6 7. Nf3 Nh6 {[%emt 0:02:17] B12: Caro-Kann: Advance Variation.} 8. Bxh6 Rxh6 9. Nc3 {[%emt 0:00:07] [#]} Nd7 $146 {[%emt 0:13:17] The position is equal.} ({Predecessor:} 9... Be7 10. O-O-O b5 11. Rh3 Rg6 12. Rg3 Rxg3 13. fxg3 g6 14. Rf1 Kd7 15. Nd2 b4 {½-½ Wallace,P (2209)-Gilbert,J (2075) BCF-chT3a 0001 (4NCL) 2000 (2.2)}) 10. Ne2 Qa5+ 11. c3 Qb5 12. Qd2 c5 13. a4 Qb6 14. O-O c4 15. a5 Qc6 16. Rfb1 Be7 17. b3 cxb3 18. Rxb3 Rh8 19. Qb2 b6 (19... Rb8 $16) 20. axb6 $1 $18 axb6 21. Rxa8+ Qxa8 22. Nf4 g6 23. Ng5 Qc6 {[%emt 0:09:21] Dodges c4} 24. Qa1 {[%emt 0:01:57] White is more active.} Rg8 (24... b5 $16 {is a better defense.} 25. Nfh3 Kf8) 25. Qc1 $2 (25. c4 $1 $18 dxc4 26. Re3 Bxg5 27. hxg5) 25... Bxg5 $14 26. hxg5 {[%emt 0:00:03] Qa3 is the strong threat.} Kf8 $1 27. Qa3+ Kg7 28. Qe7 Ra8 $2 {[%emt 0:17:53][%mdl 8192] [#] Loses the game.} (28... Rf8 $1 $14) 29. c4 $1 $18 dxc4 {[%emt 0:01:03] [#]} 30. Rf3 {[%emt 0:00:21][%cal Of4h5] White threatens Nxh5+! and mate.} Rf8 $2 {[%emt 0:00:41] [#]} (30... Ra1+ $2 31. Kh2 $18) (30... Nxe5 31. dxe5 Qe8) 31. d5 $1 {[%emt 0:01:18][%mdl 576] Promotion} exd5 (31... Qa4 32. Kh2) 32. e6 {[%emt 0:00:05] White mates.} Ne5 33. Qf6+ Kh7 34. Qxe5 {[%emt 0:00:08] Weighted Error Value: White=0.10 (very precise) /Black=0.57} 1-0

[Event "FIDE World Senior-50 CC 2023"]
[Site "Terrasini"]
[Date "2023.11.04"]
[Round "10.5"]
[White "Mrva, Martin"]
[Black "Sturua, Zurab"]
[Result "1-0"]
[ECO "C55"]
[WhiteElo "2366"]
[BlackElo "2514"]
[Annotator "RC"]
[PlyCount "79"]
[EventDate "2023.10.22"]
[EventType "swiss"]
[EventCountry "ITA"]
[SourceTitle "playchess.com"]
[Source "ChessBase"]
[SourceQuality "1"]
[TimeControl "40/5400+30:1800+30"]

1. e4 e5 2. Nf3 Nc6 3. Bc4 Nf6 4. d3 Be7 5. O-O O-O 6. Nc3 d6 7. a4 Be6 8. Nd5 Bxd5 9. exd5 Nb8 10. d4 e4 11. Ng5 c6 12. dxc6 bxc6 13. d5 Qa5 14. Ra3 cxd5 15. Bb5 a6 16. Nh3 Qd8 17. Be2 Nc6 18. Nf4 d4 19. Rh3 d5 20. b3 Bd6 21. g4 Qc7 22. Ng2 Rfe8 23. g5 Nd7 24. f3 Nde5 25. f4 Nd7 26. Kh1 Nf8 27. f5 Re5 28. Bg4 e3 29. Qe1 Re4 30. Bf3 Ne5 31. Bxe4 dxe4 32. Qe2 Nf3 33. Ne1 Nxg5 34. Rh4 f6 35. Rg4 Bb4 36. h4 Nh3 37. Bxe3 h5 38. Rxe4 Qb7 39. Qg2 dxe3 40. Rxe3 1-0

[Event "FIDE World Senior-50 CC 2023"]
[Site "Terrasini"]
[Date "2023.11.04"]
[Round "10.6"]
[White "Vinter-Schou, Uffe"]
[Black "Degraeve, Jean-Marc"]
[Result "1-0"]
[ECO "E62"]
[WhiteElo "2345"]
[BlackElo "2479"]
[Annotator "ChessBase"]
[PlyCount "83"]
[EventDate "2023.10.22"]
[EventType "swiss"]
[EventCountry "ITA"]
[SourceTitle "playchess.com"]
[Source "ChessBase"]
[SourceQuality "1"]
[TimeControl "40/5400+30:1800+30"]

1. Nf3 Nf6 2. c4 g6 3. g3 Bg7 4. Bg2 O-O 5. O-O d6 6. d4 c6 7. Nc3 Bf5 8. Re1 Ne4 9. Qb3 Qb6 10. g4 Nxc3 11. gxf5 Qxb3 12. axb3 Ne4 13. fxg6 hxg6 14. Ng5 Nxg5 15. Bxg5 Bxd4 16. Bxe7 Re8 17. Bxd6 Bxb2 18. Ra2 Be5 19. Bxe5 Rxe5 20. Rea1 a5 21. b4 g5 22. e3 Nd7 23. c5 f5 24. Rxa5 Rxa5 25. Rxa5 Re7 26. Ra8+ Kf7 27. Rd8 Ne5 28. Kf1 f4 29. exf4 gxf4 30. Rd4 f3 31. Bxf3 Nxf3 32. Rf4+ Kg6 33. Rxf3 Re4 34. Rb3 Kf5 35. h3 Kf4 36. Rg3 Kf5 37. Rg4 Re7 38. Kg2 Rd7 39. Kg3 Rd1 40. f3 Rg1+ 41. Kh2 Rb1 42. h4 1-0

[Event "FIDE World Senior-50 CC 2023"]
[Site "Terrasini"]
[Date "2023.11.04"]
[Round "10.7"]
[White "Bischoff, Klaus"]
[Black "Cummings, David H."]
[Result "1/2-1/2"]
[ECO "D45"]
[WhiteElo "2473"]
[BlackElo "2325"]
[Annotator "ChessBase"]
[PlyCount "53"]
[EventDate "2023.10.22"]
[EventType "swiss"]
[EventCountry "ITA"]
[SourceTitle "playchess.com"]
[Source "ChessBase"]
[SourceQuality "1"]
[TimeControl "40/5400+30:1800+30"]

1. c4 Nf6 2. Nf3 e6 3. Nc3 d5 4. d4 c6 5. e3 Nbd7 6. Qc2 Bd6 7. Bd2 O-O 8. h3 b6 9. g4 dxc4 10. g5 Nd5 11. Bxc4 Bb7 12. Ne4 Bb4 13. Bxd5 Bxd2+ 14. Qxd2 cxd5 15. Ng3 Rc8 16. O-O f6 17. h4 e5 18. gxf6 Qxf6 19. Nxe5 Nxe5 20. dxe5 Qxe5 21. Rac1 Qf6 22. Rxc8 Rxc8 23. Rc1 Rc5 24. Rxc5 bxc5 25. Qa5 Qb6 26. Qa4 h6 27. Qd7 1/2-1/2

[Event "FIDE World Senior-50 CC 2023"]
[Site "Terrasini"]
[Date "2023.11.04"]
[Round "10.8"]
[White "Paschall, William"]
[Black "Mohr, Georg"]
[Result "1-0"]
[ECO "E62"]
[WhiteElo "2329"]
[BlackElo "2430"]
[Annotator "ChessBase"]
[PlyCount "71"]
[EventDate "2023.10.22"]
[EventType "swiss"]
[EventCountry "ITA"]
[SourceTitle "playchess.com"]
[Source "ChessBase"]
[SourceQuality "1"]
[TimeControl "40/5400+30:1800+30"]

1. Nf3 d6 2. d4 Nf6 3. c4 g6 4. Nc3 Bf5 5. g3 Bg7 6. Bg2 O-O 7. O-O Nc6 8. Ng5 h6 9. e4 Bg4 10. f3 Bd7 11. Nh3 e5 12. d5 Nd4 13. Be3 c5 14. dxc6 bxc6 15. c5 dxc5 16. Na4 Qe7 17. Rc1 c4 18. Re1 c5 19. Bxd4 cxd4 20. Rxc4 Be6 21. Rc1 Bxa2 22. Bf1 Rab8 23. Qd2 Be6 24. Nf2 Nd7 25. Rc7 Qd6 26. Rxa7 Ra8 27. Qa5 Qc6 28. Ra6 Rfb8 29. b4 Rxa6 30. Bxa6 Bb3 31. Nb2 Bf8 32. Nbd3 Bc4 33. Bxc4 Qxc4 34. Rc1 Bxb4 35. Qa4 Nc5 36. Rxc4 1-0

[Event "FIDE World Senior-50 CC 2023"]
[Site "Terrasini"]
[Date "2023.11.04"]
[Round "10.9"]
[White "Cabe, Arlan"]
[Black "Matamoros Franco, Carlos S."]
[Result "1/2-1/2"]
[ECO "A49"]
[WhiteElo "2303"]
[BlackElo "2455"]
[Annotator "ChessBase"]
[PlyCount "92"]
[EventDate "2023.10.22"]
[EventType "swiss"]
[EventCountry "ITA"]
[SourceTitle "playchess.com"]
[Source "ChessBase"]
[SourceQuality "1"]
[TimeControl "40/5400+30:1800+30"]

1. d4 Nf6 2. Nf3 c5 3. c3 Qc7 4. g3 g6 5. Bg2 Bg7 6. O-O O-O 7. Re1 d6 8. a4 Bf5 9. Nbd2 cxd4 10. Nxd4 Bd7 11. Nb5 Qc8 12. Nb3 Nc6 13. Be3 a6 14. Na3 Ne5 15. Na5 Qc7 16. b4 b6 17. Bxa8 Rxa8 18. Nb3 Bxa4 19. Qb1 Qc8 20. Kg2 Qxc3 21. Nd4 Neg4 22. Qd3 Nxe3+ 23. fxe3 Qxb4 24. Nc4 Ng4 25. Nxb6 Qxb6 26. Rxa4 Qb7+ 27. Nf3 Ne5 28. Qe4 Qxe4 29. Rxe4 a5 30. Ra4 Nd7 31. Rb1 Nc5 32. Ra3 f5 33. Rb5 a4 34. Ne1 Rc8 35. Ra2 h5 36. h4 Ne4 37. Rb7 Bf6 38. Ra7 Nc3 39. Rc2 Rb8 40. Nd3 Rb3 41. Kf3 a3 42. Ra5 Kf7 43. Ra7 Nb5 44. Ra5 Nc3 45. Ra7 Nb5 46. Ra5 Nc3 1/2-1/2

[Event "FIDE World Senior-50 CC 2023"]
[Site "Terrasini"]
[Date "2023.11.04"]
[Round "10.10"]
[White "Stets, Vasyl"]
[Black "Holzke, Frank"]
[Result "0-1"]
[ECO "A46"]
[WhiteElo "2169"]
[BlackElo "2473"]
[Annotator "ChessBase"]
[PlyCount "128"]
[EventDate "2023.10.22"]
[EventType "swiss"]
[EventCountry "ITA"]
[SourceTitle "playchess.com"]
[Source "ChessBase"]
[SourceQuality "1"]
[TimeControl "40/5400+30:1800+30"]

1. d4 Nf6 2. Bf4 d6 3. e3 Nbd7 4. Nf3 Nh5 5. Bg5 h6 6. Bh4 g5 7. Nfd2 Ndf6 8. Be2 Nf4 9. exf4 gxh4 10. Nc3 Rg8 11. g3 Bf5 12. Nf3 hxg3 13. hxg3 c6 14. Qd2 Qa5 15. Nh4 Bd7 16. Nf3 e6 17. Ne4 Qxd2+ 18. Nfxd2 Ke7 19. Nxf6 Kxf6 20. O-O-O Rc8 21. Kb1 Bg7 22. Nc4 Ke7 23. Ne3 b5 24. Ng4 f5 25. Ne3 d5 26. Ng2 a5 27. Nh4 Be8 28. Nf3 b4 29. Ne5 c5 30. dxc5 Rxc5 31. Bd3 a4 32. Be2 a3 33. Rd4 Bb5 34. Bxb5 Rxb5 35. b3 Kd6 36. Re1 Rc8 37. Re2 h5 38. Rd1 Bxe5 39. Rxe5 Rh8 40. Rde1 Rh6 41. Kc1 Rc5 42. Kd2 Rc3 43. R5e3 Rxe3 44. fxe3 e5 45. fxe5+ Kxe5 46. Rh1 Rg6 47. Rxh5 Rxg3 48. Rh4 Rg4 49. Rh8 d4 50. Re8+ Kf6 51. Rf8+ Ke6 52. Re8+ Kf7 53. Rc8 dxe3+ 54. Kxe3 Rg1 55. Rc4 Ra1 56. Rxb4 Rxa2 57. Ra4 Ra1 58. Ra6 f4+ 59. Ke2 a2 60. b4 f3+ 61. Kf2 Ke7 62. b5 Kd7 63. Ra3 Kc7 64. Ra6 Kb7 0-1

[Event "FIDE World Senior-50 CC 2023"]
[Site "Terrasini"]
[Date "2023.11.04"]
[Round "10.11"]
[White "Golovchuk, Oleg"]
[Black "Lima, Darcy"]
[Result "1-0"]
[ECO "C41"]
[WhiteElo "2067"]
[BlackElo "2416"]
[Annotator "ChessBase"]
[PlyCount "97"]
[EventDate "2023.10.22"]
[EventType "swiss"]
[EventCountry "ITA"]
[SourceTitle "playchess.com"]
[Source "ChessBase"]
[SourceQuality "1"]
[TimeControl "40/5400+30:1800+30"]

1. e4 e5 2. Nf3 Nc6 3. Nc3 g6 4. d4 exd4 5. Nxd4 Bg7 6. Nxc6 bxc6 7. Bc4 d6 8. O-O Ne7 9. Bg5 Be6 10. Qd3 h6 11. Bh4 g5 12. Bxe6 fxe6 13. Bg3 Ng6 14. e5 Nxe5 15. Bxe5 Bxe5 16. Qg6+ Kd7 17. Rfe1 Qf6 18. Qd3 Bxc3 19. bxc3 Rab8 20. Re2 Rb5 21. Rae1 Rf8 22. f3 e5 23. Re4 Rfb8 24. Kf2 Rd5 25. Qa6 Rd2+ 26. R1e2 Rxe2+ 27. Rxe2 Rb1 28. Re4 Rb2 29. Qa4 Qf7 30. c4 Qg8 31. a3 Qb8 32. c5 Qb5 33. cxd6 Qc5+ 34. Kg3 Rxc2 35. dxc7 Qf2+ 36. Kg4 Qxg2+ 37. Kf5 Qxf3+ 38. Kg6 Qd3 39. Kg7 Kxc7 40. Qxa7+ Kc8 41. Qa8+ Kd7 42. Qb7+ Ke6 43. Qf7+ Kd6 44. Qf6+ Kc7 45. Qxe5+ Kc8 46. Rd4 Re2 47. Qf6 Re7+ 48. Kf8 Qxa3 49. Qxe7 1-0

[Event "FIDE World Senior-50 CC 2023"]
[Site "Terrasini"]
[Date "2023.11.04"]
[Round "10.12"]
[White "Nadanian, Ashot"]
[Black "Prasad, Devaki V"]
[Result "0-1"]
[ECO "C15"]
[WhiteElo "2279"]
[BlackElo "2200"]
[Annotator "ChessBase"]
[PlyCount "120"]
[EventDate "2023.10.22"]
[EventType "swiss"]
[EventCountry "ITA"]
[SourceTitle "playchess.com"]
[Source "ChessBase"]
[SourceQuality "1"]
[TimeControl "40/5400+30:1800+30"]

1. e4 e6 2. d4 d5 3. Nc3 Bb4 4. Qd3 dxe4 5. Qxe4 Nf6 6. Qh4 b6 7. Nf3 Bb7 8. Bb5+ Nc6 9. O-O a6 10. d5 Nxd5 11. Bxc6+ Bxc6 12. Qc4 Bc5 13. Ne5 Qd6 14. Nxc6 Qxc6 15. Kh1 b5 16. Qe4 Ne7 17. a4 b4 18. Qxc6+ Nxc6 19. Ne4 Be7 20. Be3 O-O-O 21. Rfd1 Rxd1+ 22. Rxd1 Rd8 23. Rxd8+ Kxd8 24. f3 f5 25. Nd2 Na5 26. b3 e5 27. g4 g6 28. Kg2 Kd7 29. Kf1 Ke6 30. Ke2 Kd5 31. Kd3 Bc5 32. Bh6 Nb7 33. h3 Nd6 34. Ke2 Nf7 35. Bg7 Ng5 36. h4 Ne6 37. Bh6 Be7 38. h5 Bg5 39. Bxg5 Nxg5 40. hxg6 hxg6 41. gxf5 gxf5 42. Nc4 Ne6 43. Ne3+ Kc5 44. Nxf5 Nd4+ 45. Nxd4 Kxd4 46. Kd2 c5 47. Ke2 Kc3 48. Kd1 a5 49. Kc1 c4 50. bxc4 Kxc4 51. Kd2 b3 52. cxb3+ Kxb3 53. Kd3 Kxa4 54. Ke4 Kb3 55. Kxe5 a4 56. f4 a3 57. f5 a2 58. f6 a1=Q+ 59. Ke6 Kc4 60. f7 Qa3 0-1

[Event "FIDE World Senior-50 CC 2023"]
[Site "Terrasini"]
[Date "2023.11.04"]
[Round "10.13"]
[White "Nikolaidis, Konstantinos"]
[Black "Koganov, Mikhail"]
[Result "1-0"]
[ECO "E68"]
[WhiteElo "2096"]
[BlackElo "2170"]
[Annotator "ChessBase"]
[PlyCount "100"]
[EventDate "2023.10.22"]
[EventType "swiss"]
[EventCountry "ITA"]
[SourceTitle "playchess.com"]
[Source "ChessBase"]
[SourceQuality "1"]
[TimeControl "40/5400+30:1800+30"]

1. d4 d6 2. Nf3 Nf6 3. c4 g6 4. Nc3 Bg7 5. g3 O-O 6. Bg2 Nbd7 7. O-O e5 8. e4 exd4 9. Nxd4 Nc5 10. Re1 Re8 11. Qc2 Nfxe4 12. Nxe4 Bxd4 13. Bg5 Qd7 14. Nf6+ Bxf6 15. Bxf6 Rf8 16. Re7 Qf5 17. Qxf5 Bxf5 18. Rxc7 Rac8 19. Rxc8 Rxc8 20. Be7 Be4 21. f3 Bc6 22. Bxd6 Nd3 23. b3 Re8 24. Kf1 Rd8 25. Be7 Rd7 26. Rd1 Rxe7 27. Rxd3 f5 28. Rd2 Kf7 29. f4 Bxg2+ 30. Kxg2 Kf6 31. Kf2 a6 32. h3 h6 33. Rd6+ Kg7 34. c5 g5 35. Rb6 gxf4 36. gxf4 Rc7 37. b4 Rd7 38. Ke3 h5 39. h4 Re7+ 40. Kd3 Kf7 41. a3 Kg7 42. a4 Kf7 43. b5 axb5 44. axb5 Re4 45. Rxb7+ Ke6 46. c6 Rxf4 47. c7 Kd7 48. b6 Rf3+ 49. Ke2 Rc3 50. Rb8 Kd6 1-0

[Event "FIDE World Senior-50 CC 2023"]
[Site "Terrasini"]
[Date "2023.11.04"]
[Round "10.14"]
[White "Vlassov, Nikolai"]
[Black "Kalisky, Vladimir"]
[Result "1-0"]
[ECO "C99"]
[WhiteElo "2283"]
[BlackElo "2169"]
[Annotator "ChessBase"]
[PlyCount "79"]
[EventDate "2023.10.22"]
[EventType "swiss"]
[EventCountry "ITA"]
[SourceTitle "playchess.com"]
[Source "ChessBase"]
[SourceQuality "1"]
[TimeControl "40/5400+30:1800+30"]

1. e4 e5 2. Nf3 Nc6 3. Bb5 a6 4. Ba4 Nf6 5. O-O Be7 6. Re1 b5 7. Bb3 d6 8. c3 O-O 9. h3 Na5 10. Bc2 c5 11. d4 Qc7 12. Nbd2 cxd4 13. cxd4 Nc6 14. d5 Nb4 15. Bb1 a5 16. Nf1 Bd7 17. Be3 Rfc8 18. Re2 Qb7 19. Ng3 a4 20. Ne1 Bd8 21. f4 Bb6 22. fxe5 Bxe3+ 23. Rxe3 Qb6 24. Qd2 dxe5 25. Kh2 Rc4 26. a3 Rd4 27. Qe2 Na6 28. Nf3 Nc5 29. Ba2 Bg4 30. hxg4 Nxg4+ 31. Kh3 Qh6+ 32. Kxg4 f5+ 33. Nxf5 Qf4+ 34. Kh3 Rxe4 35. d6+ Kh8 36. Rxe4 Nxe4 37. g4 h5 38. Rg1 g6 39. N5h4 Kh7 40. Qxe4 1-0

[Event "FIDE World Senior-50 CC 2023"]
[Site "Terrasini"]
[Date "2023.11.04"]
[Round "10.15"]
[White "Naimanov, Rinat"]
[Black "Mantovani, Renzo"]
[Result "0-1"]
[ECO "B07"]
[WhiteElo "1377"]
[BlackElo "2236"]
[Annotator "ChessBase"]
[PlyCount "68"]
[EventDate "2023.10.22"]
[EventType "swiss"]
[EventCountry "ITA"]
[SourceTitle "playchess.com"]
[Source "ChessBase"]
[SourceQuality "1"]
[TimeControl "40/5400+30:1800+30"]

1. e4 d6 2. d4 Nf6 3. Nc3 c6 4. Nf3 Bg4 5. a4 Nbd7 6. Be2 e5 7. h3 Bh5 8. O-O Be7 9. Be3 O-O 10. a5 Qc7 11. Re1 Rfe8 12. a6 b5 13. Nd2 exd4 14. Bxd4 Bxe2 15. Nxe2 c5 16. Be3 Bf8 17. Ng3 g6 18. f4 Re7 19. c4 b4 20. Qf3 Rae8 21. Bf2 Bg7 22. e5 dxe5 23. f5 e4 24. Ngxe4 Nxe4 25. Nxe4 Bxb2 26. Rad1 Nf6 27. Bh4 Rxe4 28. Rxe4 Nxe4 29. Rd5 Bd4+ 30. Kh1 g5 31. f6 Bxf6 32. Qg4 h5 33. Qf5 Ng3+ 34. Bxg3 Qxg3 0-1